 Dungeon Crawl Stone Soup version 0.23.0 (webtiles) character file.

Game seed: 2197276026855672080

996 Laan the Geomancer (level 8, -1/41 HPs)
             Began as a Gargoyle Earth Elementalist on Feb 13, 2019.
             Slain by a hog (10 damage)
             ... on level 8 of the Dungeon.
             The game lasted 00:14:05 (5089 turns).

Laan the Geomancer (Gargoyle Earth Elementalist)    Turns: 5089, Time: 00:14:05

Health: -1/41      AC:  9    Str: 15    XL:     8   Next: 19%
Magic:  4/23       EV: 12    Int: 24    God:
Gold:   256        SH:  4    Dex: 10    Spells: 11/15 levels left

rFire    . . .     SeeInvis .   y - +6 rapier (venom)
rCold    . . .     Gourm    .   x - +0 buckler
rNeg     + . .     Faith    .   c - +0 robe
rPois    ∞         Spirit   .   (no helmet)
rElec    +         Reflect  .   (no cloak)
rCorr    .         Harm     .   u - +0 pair of gloves
MR       .....                  h - +0 pair of boots
Stlth    ++........             (no amulet)
HPRegen  0.13/turn              l - ring of magical power
MPRegen  0.18/turn              g - +4 ring of strength

@: brilliant, very slightly contaminated, invisible
A: negative energy resistance 1, electricity resistance, unbreathing,
petrification resistance, rot immunity, AC +5
a: no special abilities


You were on level 8 of the Dungeon.
You were not hungry.

You visited 1 branch of the dungeon, and saw 7 of its levels.

You collected 256 gold pieces.

Inventory:

Hand Weapons
 y - a +6 rapier of venom (weapon)
Missiles
 b - 92 stones (quivered)
Armour
 c - a +0 robe (worn)
 h - a +0 pair of boots (worn)
 u - a +0 pair of gloves (worn)
 x - a +0 buckler (worn)
Jewellery
 a - a +2 ring of protection {unknown}
 g - a +4 ring of strength (right hand)
 l - a ring of magical power (left hand)
Wands
 v - a wand of paralysis (7)
Scrolls
 f - 3 scrolls of amnesia
 s - a scroll of remove curse
Potions
 i - 4 potions of curing
 m - a potion of heal wounds
 o - a potion of lignification
 w - a potion of haste {unknown}
 z - a potion of mutation {unknown}
Comestibles
 d - 5 rations
 A - a chunk of flesh


   Skills:
 - Level 1.5 Dodging
 - Level 2.1 Stealth
 * Level 3.5 Shields
 + Level 4.3 Spellcasting
 + Level 4.1 Conjurations
   Level 0.7 Transmutations
 * Level 8.2 Earth Magic


You had 11 spell levels left.
You knew the following spells:

 Your Spells              Type           Power        Failure   Level  Hunger
a - Sandblast             Erth           ######       1%          1    None
b - Stone Arrow           Conj/Erth      #####.       1%          3    ##.....

Your spell library contained the following spells:

 Spells                   Type           Power        Failure   Level  Hunger
 Animate Skeleton         Necr           N/A          1%          1    None
 Apportation              Tloc           ###...       1%          1    None
 Confusing Touch          Hex            ###...       1%          1    None
 Summon Small Mammal      Summ           ###.         1%          1    None
 Passwall                 Tmut/Erth      #####...     1%          2    None
 Petrify                  Tmut/Erth      #####...     1%          4    ####...
 Lee's Rapid Deconstruct  Erth           ######....   1%          5    #####..


Dungeon Overview and Level Annotations

Branches:
Dungeon (6/15)
 Temple: D:4-7

Altars:
Makhleb


Innate Abilities, Weirdness & Mutations

You are resistant to torment.
Your stone body is resilient. (AC +5)
You are immune to poison.
You resist negative energy. (rN+)
You are resistant to electric shocks. (rElec)
You can survive without breathing.
You are immune to petrification.
You are immune to rotting.


Message History

The hog is lightly wounded.
The hog misses you.
You barely miss the yak. You block the yak's attack.
You block the hog's attack.
You barely miss the yak. The hog bites you.
The yak gores you but does no damage. The hog bites you. The hog misses you.
You strike the helpless yak from behind!
You puncture the yak!
The yak is poisoned.
The yak is moderately wounded.
The hog closely misses you. The hog misses you. You block the hog's attack.
The yak closely misses you.
You puncture the yak!
The yak looks as sick as possible!
The yak is heavily wounded.
The hog bites you!
* * * LOW HITPOINT WARNING * * *
The hog closely misses you. The hog bites you but does no damage.
You hit the hog.
The hog looks as sick as possible!
The hog is heavily wounded.
The hog closely misses you. The hog bites you!
You die...

#######
#%%#..#
#%.#..#
#.Yh..#
#ph#..#
#..#..#
#'#####
#######...#
#@h.......#
#Yh.......#
#.).......#
########...
####


You could see a yak and 2 hogs.

Vanquished Creatures
  A human (D:8)
  A hog (D:8)
  Eustachio (D:5)
  An ogre (D:4)
  A crimson imp (D:3)
  A bullfrog skeleton (D:4)
  An orc priest (D:3)
  3 orc wizards
  A worker ant (D:5)
  A worker ant zombie (D:6)
  3 gnolls (D:3)
  12 adders
  A shadow imp (D:5)
  An ooze (D:3)
  3 adder skeletons (D:5)
  3 worms
  A dart slug (D:1)
  4 leopard geckos
  11 orcs
  3 ball pythons
  10 bats
  5 giant cockroaches
  10 goblins
  9 hobgoblins
  2 quokkas
  4 frilled lizards
  8 kobolds
  A quokka skeleton (D:4)
  9 rats
112 creatures vanquished.

Notes
Turn   | Place    | Note
-------+----------+-------------------------------------------
     0 | D:1      | Laan the Gargoyle Earth Elementalist began the quest for
                  | the Orb.
     0 | D:1      | Reached XP level 1. HP: 10/10 MP: 3/3
   138 | D:1      | Reached skill level 4 in Earth Magic
   177 | D:1      | Reached XP level 2. HP: 10/15 MP: 1/5
   633 | D:1      | Reached XP level 3. HP: 19/19 MP: 2/6
   833 | D:1      | Learned a level 3 spell: Stone Arrow
  1632 | D:2      | Reached skill level 5 in Earth Magic
  2081 | D:3      | Reached XP level 4. HP: 24/24 MP: 7/7
  2273 | D:2      | Reached skill level 1 in Conjurations
  2397 | D:3      | Reached XP level 5. HP: 28/28 MP: 9/9
  2447 | D:3      | Reached skill level 6 in Earth Magic
  2552 | D:3      | Reached XP level 6. HP: 32/32 MP: 10/10
  3044 | D:4      | Reached skill level 7 in Earth Magic
  3139 | D:4      | Reached XP level 7. HP: 36/36 MP: 12/12
  3190 | D:4      | Found a burning altar of Makhleb.
  3610 | D:4      | Reached skill level 1 in Shields
  3855 | D:5      | Entered Level 5 of the Dungeon
  4445 | D:5      | Noticed Eustachio
  4459 | D:5      | Killed Eustachio
  5063 | D:6      | You fall through a shaft for 2 floors!
  5063 | D:8      | Noticed a human
  5063 | D:8      | Noticed a hog
  5063 | D:8      | Noticed a hog
  5064 | D:8      | Noticed a yak
  5064 | D:8      | Noticed a hog
  5074 | D:8      | Killed a hog
  5074 | D:8      | Reached skill level 8 in Earth Magic
  5074 | D:8      | Reached XP level 8. HP: 24/41 MP: 13/14
  5089 | D:8      | Slain by a hog

Skill      XL: |  1  2  3  4  5  6  7  8 |
---------------+-------------------------+-----
Earth Magic    | 4 5 6 7 8 |  8.2
Conjurations   | 1 2 3 4 |  4.1
Spellcasting   | 3 4 |  4.3
Shields        | 3 |  3.5
Dodging        | |  1.5
Stealth        | |  2.1
Transmutations | |  0.7

Action                   |  1- 3 |  4- 6 |  7- 9 || total
-------------------------+-------+-------+-------++-------
Melee: Unarmed           |     1 |       |       ||     1
       Dagger            |       |       |    73 ||    73
       Rapier            |       |       |    17 ||    17
 Cast: Sandblast         |    53 |    78 |     9 ||   140
       Stone Arrow       |       |       |     7 ||     7
  Use: Scroll            |       |       |    13 ||    13
       Potion            |       |       |     3 ||     3
 Stab: Sleeping          |       |       |     1 ||     1
       Invisible         |       |       |     1 ||     1
  Eat: Chunk             |     3 |     1 |     6 ||    10
       Ration            |       |     1 |       ||     1
Armor: Robe              |     3 |    12 |    37 ||    52
Dodge: Dodged            |     9 |    14 |    56 ||    79
Block: Buckler           |       |       |    10 ||    10
